 Dungeon Crawl Stone Soup version 0.31-a0-675-g238779eb0a (webtiles) character file.

Game seed: 16457722435181221692

2393 randomguy2701 the Cleaver (level 9, -4/78 HPs)
             Began as a Hill Orc Fighter on Sept 6, 2023.
             Was a Believer of Beogh.
             Slain by a steam dragon (5 damage)
             ... on level 7 of the Dungeon.
             The game lasted 00:09:55 (7480 turns).

randomguy2701 the Cleaver (Hill Orc Fighter)        Turns: 7480, Time: 00:09:58

Health: -4/78      AC:  7    Str: 21    XL:     9   Next: 46%
Magic:  18/18      EV: 12    Int:  8    God:    Beogh [**....]
Gold:   381        SH:  5    Dex: 12    Spells: 8/8 levels left

rFire   . . .        a - +0 war axe
rCold   . . .        c - +0 buckler
rNeg    . . .        (no body armour)
rPois   +            q - +2 helmet
rElec   .            r - +0 cloak
rCorr   .            i - +0 pair of gloves
SInv    .            j - +0 pair of boots
Will    .....        (no amulet)
Stlth   +            e - ring of poison resistance
HPRegen 0.33/turn    o - ring of magical power
MPRegen 0.16/turn

%: no passive effects
@: no status effects
A: no striking features
a: Renounce Religion, Smiting


You were on level 7 of the Dungeon.
You worshipped Beogh.
Beogh was pleased with you.
You visited 1 branch of the dungeon, and saw 7 of its levels.
You also visited: Sewer.

You collected 381 gold pieces.

Inventory:

Hand Weapons
 a - a +0 war axe (weapon)
Missiles
 u - 3 throwing nets
Armour
 b - a +0 scale mail
 c - a +0 buckler (worn)
 i - a +0 pair of gloves (worn)
 j - a +0 pair of boots (worn)
 k - +0 ice dragon scales
 q - a +2 helmet (worn)
 r - a +0 cloak (worn)
Jewellery
 e - a ring of poison resistance (left hand)
 o - a ring of magical power (right hand)
 F - an amulet of faith
Wands
 p - a wand of polymorph (6)
 t - a wand of acid (23)
Scrolls
 h - a scroll of brand weapon {unknown}
 l - a scroll of revelation {unknown}
 m - 2 scrolls of immolation {unknown}
 n - 2 scrolls of enchant armour {unknown}
 s - 4 scrolls of torment {unknown}
 w - a scroll of noise {unknown}
 x - a scroll of enchant weapon {unknown}
 y - a scroll of poison {unknown}
 E - a scroll of identify {unknown}
 G - a scroll of fear {unknown}
 H - a scroll of blinking {unknown}
Potions
 d - 3 potions of might
 f - 3 potions of heal wounds {unknown}
 g - 3 potions of curing {unknown}
 v - 3 potions of attraction {unknown}
 z - a potion of degeneration {unknown}
 A - 2 potions of invisibility {unknown}
 B - 3 potions of brilliance {unknown}
 C - 2 potions of haste {unknown}
 D - a potion of cancellation {unknown}


   Skills:
 + Level 6.8 Fighting
 + Level 11.2 Axes
 + Level 6.8 Armour
 + Level 2.8 Dodging
 + Level 5.2 Shields
 + Level 0.1 Unarmed Combat
 + Level 1.0 Invocations


You had 8 spell levels left.
You didn't know any spells.
Your spell library contained the following spells:

 Spells                   Type           Power      Damage    Failure   Level
 Ensorcelled Hibernation  Hex/Ice        0%         N/A       61%         2
 Passwall                 Tmut/Erth      0%         N/A       61%         2
 Swiftness                Air            0%         N/A       83%         3
 Anguish                  Hex/Necr       0%         N/A       99%         4
 Leda's Liquefaction      Hex/Erth       0%         N/A       99%         4
 Olgreb's Toxic Radiance  Pois           0%         N/A       99%         4
 Lee's Rapid Deconstruct  Erth           0%         3d4*      100%        5
 Silence                  Hex/Air        0%         N/A       100%        5
 Death Channel            Necr           0%         N/A       100%        6
 Leda's Unmaking          Conj/Erth      0%         9d1       100%        6
 Discord                  Hex            0%         N/A       100%        8
 Ignition                 Fire           0%         3d3       100%        8


Dungeon Overview and Level Annotations

Branches:
Dungeon (7/15)             Temple (0/1) D:6           Sewer (visited)

Altars:

Shops:
D:1 (:!*(   D:6 [

Annotations:
D:7 4 runed translucent doors, Crazy Yiuf; SirDiesAlot's ghost, novice OpFE; lunkers's ghost, novice MeSh


Message History

You are engulfed in a cloud of scalding steam.
You continue taking off your +0 ice dragon scales.
You are engulfed in a cloud of scalding steam.
You continue taking off your +0 ice dragon scales.
You are engulfed in a cloud of scalding steam.
The steam dragon bites you.
The steam dragon claws you but does no damage.
You finish taking off your +0 ice dragon scales.
Unknown command.
You closely miss the steam dragon.
You are engulfed in a cloud of scalding steam.
You block the steam dragon's attack.
The steam dragon claws you but does no damage.
You slash the steam dragon!
The steam dragon is moderately wounded.
The steam dragon breathes steam at you. The ball of steam hits you!
You block the steam dragon's attack. The steam dragon misses you.
You slash the steam dragon!
The steam dragon is heavily wounded.
You barely miss the steam dragon.
The steam dragon is heavily wounded.
The steam dragon bites you but does no damage.
You block the steam dragon's attack.
You barely miss the steam dragon.
The steam dragon is heavily wounded.
The steam dragon bites you!
* * * LOW HITPOINT WARNING * * *
The steam dragon claws you.
* * * LOW HITPOINT WARNING * * *
You hit the steam dragon but do no damage.
The steam dragon is heavily wounded.
You block the steam dragon's attack. x2
You hit the steam dragon but do no damage.
The steam dragon is heavily wounded.
The steam dragon breathes steam at you. The ball of steam hits you!
* * * LOW HITPOINT WARNING * * *
The steam dragon bites you.
You die...

############ ..
#........... ...
#...../..... #....
#.......§D
#....##......#
+..........D.##+#### #
#...........@.......
#+###....##......§......
#..##....##....§.##..###
#...............§# ##
#......)).....§..#
......
#......))........+
#......#
##'##..).........#
##......###
....#............#
............
....#....##......#
#...........


You could see a steam dragon (catching breath).

Vanquished Creatures
  Jeremiah (D:6)
  2 water moccasins (D:6)
  A sky beast (D:7)
  4 ogres
  A bullfrog (D:7)
  A kobold brigand (D:6)
  A gnoll sergeant (D:4)
  3 scorpions (D:4)
  2 howler monkeys (D:7)
  2 gnoll boudas
  2 hounds (D:6)
  A jelly (D:4)
  2 orc priests (D:7)
  4 iguanas
  Ijyb (D:3)
  3 orc wizards
  25 gnolls
  10 adders
  8 river rats (Sewer)
  A shadow imp (D:7)
  A white imp (D:7)
  2 ufetubi
  4 worms
  7 dart slugs
  15 orcs
  14 endoplasms
  4 giant cockroaches
  6 hobgoblins
  6 jackals
  3 quokkas (D:3)
  9 ball pythons
  7 bats
  2 frilled lizards
  13 goblins
  31 kobolds
  20 rats
219 creatures vanquished.

Vanquished Creatures (others)
  An orc (D:5)
1 creature vanquished.

Grand Total: 220 creatures vanquished

Notes
Turn   | Place    | Note
-------+----------+-------------------------------------------
     0 | D:1      | randomguy2701 the Hill Orc Fighter began the quest for the
                  | Orb.
     0 | D:1      | Reached XP level 1. HP: 19/19 MP: 1/1
   141 | D:1      | Reached skill level 3 in Axes
   297 | D:1      | Reached XP level 2. HP: 21/27 MP: 2/2
   502 | D:1      | Found Lisme's Assorted Antiques.
   516 | D:1      | Found Ziahelif's Antique Weapon Shop.
   571 | D:1      | Reached XP level 3. HP: 33/33 MP: 3/3
   683 | D:1      | Found Mielov's Antique Weapon Shop.
   707 | D:1      | Found Afe Umnu's Distillery.
   711 | D:1      | Found Dezoajy's Book Shop.
   962 | D:2      | Reached skill level 4 in Axes
   962 | D:2      | Reached XP level 4. HP: 38/40 MP: 4/4
  1463 | D:2      | Got Ruwadit's Dissertation on Vexatious Black Deeds
  1806 | D:2      | Reached XP level 5. HP: 44/47 MP: 5/5
  2195 | D:3      | Reached skill level 5 in Axes
  2204 | D:3      | Reached skill level 1 in Dodging
  2586 | D:3      | Noticed Ijyb
  2662 | D:3      | Killed Ijyb
  2663 | D:3      | Reached XP level 6. HP: 52/53 MP: 6/6
  3514 | D:4      | Reached skill level 6 in Axes
  3723 | D:4      | Reached XP level 7. HP: 54/60 MP: 7/7
  3825 | D:4      | Reached skill level 5 in Fighting
  3825 | D:4      | Reached skill level 7 in Axes
  3973 | D:4      | Reached skill level 5 in Armour
  4437 | D:5      | Entered Level 5 of the Dungeon
  4456 | D:5      | Became a worshipper of Beogh the Brigand
  4638 | D:5      | Found a glowing drain.
  4642 | Sewer    | Entered a sewer
  4660 | Sewer    | Reached skill level 8 in Axes
  4752 | Sewer    | Reached XP level 8. HP: 62/68 MP: 8/8
  4798 | Sewer    | Reached * piety under Beogh
  5959 | D:6      | Reached ** piety under Beogh
  6046 | D:6      | Reached skill level 9 in Axes
  6422 | D:6      | Found Biuwk's Armour Shoppe.
  6433 | D:6      | Found a staircase to the Ecumenical Temple.
  6603 | D:6      | Reached skill level 10 in Axes
  6603 | D:6      | Reached skill level 5 in Shields
  6656 | D:6      | Noticed Jeremiah
  6684 | D:6      | Killed Jeremiah
  6685 | D:6      | Reached XP level 9. HP: 52/78 MP: 9/9
  6969 | D:7      | Found a runed translucent door.
  6970 | D:7      | Noticed Crazy Yiuf
  7113 | D:7      | Found a runed translucent gate.
  7113 | D:7      | Found a runed translucent gate.
  7113 | D:7      | Found a runed translucent gate.
  7117 | D:7      | Noticed lunkers's ghost (novice MeSh)
  7117 | D:7      | Noticed SirDiesAlot's ghost (novice OpFE)
  7248 | D:7      | Reached skill level 11 in Axes
  7252 | D:7      | Reached skill level 1 in Invocations
  7480 | D:7      | HP: 1/78 [steam dragon/ball of steam (14)]
  7480 | D:7      | Slain by a steam dragon

Illustrated notes

Levels and vault maps discovered:
D:1:      dpeg_arrival_solitude, layout_loops_ring, serial_shops, shop, shop,
          nicolae_shop_gibbet_a_chance, shop, nicolae_shop_statue_plus
D:2:      layout_basic
D:3:      minmay_diamond_boxcup, layout_basic, uniq_ijyb
D:4:      layout_cave_pools
D:5:      layout_layer_cave, gup_sewer_entry_bowl
D:6:      layout_cave_pools, minmay_temple_entry_junction,
          nicolae_inconvenience_store, uniq_jeremiah
D:7:      layout_gridville, mainiacjoe_overflow_alcove_1,
          grunt_temple_overflow_diamond, gammafunk_ghost_cemetery,
          chequers_serial_rivers_small_3, uniq_crazy_yiuf_cottage

Skill      XL: |  1  2  3  4  5  6  7  8  9 |
---------------+----------------------------+-----
Axes           | 3 4 5 6 8 10 11 | 11.2
Fighting       | 4 5 6 |  6.8
Armour         | 4 5 6 |  6.8
Dodging        | 1 2 |  2.8
Shields        | 4 5 |  5.2
Invocations    | 1 |  1.0
Unarmed Combat | |  0.1

Action                     |  1- 3 |  4- 6 |  7- 9 || total
---------------------------+-------+-------+-------++-------
  Melee: War axe           |   101 |   238 |   358 ||   697
         Unarmed           |       |    28 |       ||    28
 Invoke: Convert to Beogh  |       |       |     1 ||     1
         Smiting           |       |       |     2 ||     2
 Armour: Scale mail        |    59 |    24 |       ||    83
         Ice dragon scales |       |   201 |   300 ||   501
         Skin              |       |    15 |     8 ||    23
  Dodge: Dodged            |    51 |   152 |   178 ||   381
  Block: Buckler           |    20 |    76 |   102 ||   198

Table legend: (Time is in decaauts)
 A = Elapsed time spent in this place.
 B = Non-inter-level travel time spent in this place.
 C = Inter-level travel time spent in this place.
 D = Time resting spent in this place.
 E = Time spent auto-exploring this place.
 F = Levels seen in this place.
 G = Mean time per level.
                   A        B        C        D        E       F      G
               +--------+--------+--------+--------+--------+-----+--------+
         Total |   7639 |   7206 |    433 |     74 |   5616 |   8 |  954.9 |
       Dungeon |   6911 |   6478 |    433 |     74 |   5071 |   7 |  987.3 |
         Sewer |    727 |    727 |      0 |      0 |    544 |   1 |  727.0 |
               +--------+--------+--------+--------+--------+-----+--------+

Top non-repeatable levels by time:
     D:3: 1535 daAuts
     D:2: 1133 daAuts
     D:4: 1011 daAuts
     D:6: 991 daAuts
     D:1: 867 daAuts
     D:5: 831 daAuts
   Sewer: 727 daAuts
     D:7: 540 daAuts
